 Dungeon Crawl Stone Soup version 0.31-a0-145-g046c7d2549 (webtiles) character file.

Game seed: 14910190359090125698

2793 Elmgren the Blocker (level 9, -3/82 HPs)
             Began as a Minotaur Fighter on June 7, 2023.
             Was an Initiate of Trog.
             Slain by a yak (10 damage)
             ... on level 6 of the Dungeon.
             The game lasted 00:17:51 (6839 turns).

Elmgren the Blocker (Minotaur Fighter)              Turns: 6839, Time: 00:17:52

Health: -3/82      AC: 21    Str: 34    XL:     9   Next: 43%
Magic:  8/8        EV:  8    Int:  7    God:    Trog [......]
Gold:   299        SH:  5    Dex: 10    Spells: 8/8 levels left

rFire   + . .        w - +0 rapier
rCold   x . .        c - +0 buckler
rNeg    . . .        j - +0 plate armour
rPois   .            (helmet restricted)
rElec   .            l - +0 cloak
rCorr   .            v - +1 pair of gloves of Petwar {*Corrode Fly Str+3 Int+2}
SInv    .            b - +2 pair of boots
Will    .....        (no amulet) Stlth
                     y - +6 ring of strength
HPRegen 0.33/turn    H - ring of fire
MPRegen 0.11/turn

%: corrode self (3%)
@: flying
A: horns 2, retaliatory headbutt
a: Renounce Religion


You were on level 6 of the Dungeon.
You worshipped Trog.
Trog was noncommittal.
You visited 2 branches of the dungeon, and saw 7 of its levels.

You collected 299 gold pieces.

Inventory:

Hand Weapons
 a - a +0 long sword
 t - a +4 flail
 w - a +0 rapier (weapon)
 G - a +0 scythe
Armour
 b - a +2 pair of boots (worn)
 c - a +0 buckler (worn)
 j - a +0 plate armour (worn)
 l - a +0 cloak (worn)
 v - the +1 pair of gloves of Petwar (worn) {*Corrode Fly Str+3 Int+2}
   (You found it on level 4 of the Dungeon)

   Str:       It affects your strength (+3).
   Int:       It affects your intelligence (+2).
   Fly:       It grants you flight.
   *Corrode:  It may corrode you when you take damage.
 C - a +1 ring mail of fire resistance
Jewellery
 y - a +6 ring of strength (left hand)
 H - a ring of fire (right hand)
 J - a ring of magical power
 L - an amulet of guardian spirit
Wands
 r - a wand of roots (3)
 D - a wand of polymorph (3)
 F - a wand of paralysis (16)
 K - a wand of flame (11)
Scrolls
 e - 3 scrolls of immolation {unknown}
 h - a scroll of poison {unknown}
 i - a scroll of teleportation {unknown}
 k - a scroll of fog {unknown}
 m - a scroll of torment {unknown}
 o - a scroll of vulnerability {unknown}
 p - a scroll of noise {unknown}
 q - 2 scrolls of blinking {unknown}
 x - 6 scrolls of identify {unknown}
Potions
 d - 2 potions of might
 f - 5 potions of curing {unknown}
 g - a potion of lignification {unknown}
 n - a potion of mutation {unknown}
 s - 2 potions of enlightenment {unknown}
 u - a potion of haste {unknown}
 z - 2 potions of attraction {unknown}
 A - a potion of ambrosia {unknown}
 B - 2 potions of heal wounds {unknown}
 E - 2 potions of brilliance {unknown}
 I - 2 potions of cancellation {unknown}


   Skills:
 + Level 8.6 Fighting
 + Level 6.1(6.7) Short Blades
 - Level 4.2(6.1) Long Blades
 - Level 0.1 Maces & Flails
 + Level 8.6 Armour
 + Level 8.6 Shields


You had 8 spell levels left.
You didn't know any spells.
Your spell library contained the following spells:

 Spells                   Type           Power      Damage    Failure   Level
 Beastly Appendage        Tmut           0%         N/A       97%         1
 Necrotise                Necr           0%         1d4       97%         1
 Poisonous Vapours        Pois/Air       0%         N/A       99%         2
 Wereblood                Tmut           0%         N/A       99%         2
 Call Canine Familiar     Summ           0%         N/A       100%        3
 Mephitic Cloud           Conj/Pois/Air  0%         N/A       100%        3
 Portal Projectile        Hex/Tloc       0%         N/A       100%        3
 Spider Form              Tmut/Pois      0%         N/A       100%        3
 Anguish                  Hex/Necr       0%         N/A       100%        4
 Leda's Liquefaction      Hex/Erth       0%         N/A       100%        4
 Freezing Cloud           Conj/Ice/Air   0%         6-21      100%        5
 Haunt                    Necr/Summ      0%         N/A       100%        7
 Infestation              Necr           0%         N/A       100%        8


Dungeon Overview and Level Annotations

Branches:
Dungeon (6/15) Zot: 25565  Temple (1/1) D:6 Zot: 5817

Altars:
Ashenzari
Cheibriados
Dithmenos
Elyvilon
Fedhas
Hepliaklqana
Kikubaaqudgha
Nemelex Xobeh
Qazlal
Ru
Sif Muna
Trog
Uskayaw
Vehumet
Wu Jian
Yredelemnul
Zin
The Shining One

Shops:
D:1 *

Annotations:
D:3 2 transporters, crabbyslav's ghost, amateur DrWr


Innate Abilities, Weirdness & Mutations

You have a pair of horns on your head.
You reflexively headbutt those who attack you in melee.


Message History

The yak gores you but does no damage.
You hit the yak.
The yak is severely wounded.
The yak gores you.
* * * LOW HITPOINT WARNING * * *
You hit the yak. You headbutt the yak.
You kill the yak!
Trog accepts your kill.
You hit the yak.
The yak is lightly wounded.
The yak gores you but does no damage.
You hit the yak but do no damage. You headbutt the yak.
The yak is moderately wounded.
The yak gores you but does no damage.
You hit the yak but do no damage.
The yak is moderately wounded.
You block the yak's attack.
You hit the yak.
The yak is moderately wounded.
The yak barely misses you.
You puncture the yak!
The yak is heavily wounded.
The yak gores you but does no damage.
You hit the yak but do no damage. You headbutt the yak.
The yak is severely wounded.
You hit the yak.
The yak is severely wounded.
The yak gores you!
* * * LOW HITPOINT WARNING * * *
You hit the yak.
The yak is severely wounded.
The yak gores you.
* * * LOW HITPOINT WARNING * * *
You barely miss the yak. Your headbutt misses the yak.
The yak is severely wounded.
You block the yak's attack.
You hit the yak.
The yak is severely wounded.
The yak gores you!
You die...

#.#.........##.#### #.#
#.....#.......#
#.#.#.......#...#.#
..#.............#.#
#########...#####.#
........(.........#
##########.#####..#
#...........#
#.###.#.##@##
#######.#...#.##Y#
..............##.#####.#
#######.#)#............#
..........#......#######
........#........#
...............#.#
.....#.#.#...#.#†#
.............#.#.#


You could see a yak.

Vanquished Creatures
  A cyclops (D:6)
  Grinder (D:5)
  Sigmund (D:5)
  5 yaks (D:6)
  Duvessa (D:5)
  A water moccasin (D:6)
  A black bear (D:5)
  2 ogres
  A phantom (D:5)
  A kobold brigand (D:6)
  3 bullfrogs
  A scorpion (D:6)
  Dowan (D:5)
  A hound (D:4)
  A jelly (D:5)
  6 iguanas
  4 gnolls
  5 adders
  3 white imps
  3 ufetubi
  3 worms
  4 dart slugs
  9 orcs
  9 endoplasms
  4 giant cockroaches
  8 goblins
  8 hobgoblins
  9 jackals (D:5)
  11 kobolds
  7 quokkas
  5 ball pythons
  9 bats
  2 frilled lizards (D:1)
  4 rats
135 creatures vanquished.

Notes
Turn   | Place    | Note
-------+----------+-------------------------------------------
     0 | D:1      | Elmgren the Minotaur Fighter began the quest for the Orb.
     0 | D:1      | Reached XP level 1. HP: 19/19 MP: 0/0
     6 | D:1      | Found a faded altar of an unknown god.
    46 | D:1      | Reached XP level 2. HP: 3/27 MP: 1/1
   178 | D:1      | Found Itagusso's Assorted Antiques.
   314 | D:1      | Got the Vademecum on Despicable Words
   355 | D:1      | Reached XP level 3. HP: 24/33 MP: 2/2
   975 | D:2      | Reached XP level 4. HP: 23/40 MP: 3/3
  1748 | D:3      | Found a transporter.
  1750 | D:3      | Noticed crabbyslav's ghost (amateur DrWr)
  1752 | D:3      | Found a transporter.
  2645 | D:4      | Reached XP level 5. HP: 17/47 MP: 4/4
  3063 | D:4      | Reached skill level 5 in Fighting
  3063 | D:4      | Reached skill level 5 in Armour
  3066 | D:4      | Reached skill level 5 in Shields
  3384 | D:4      | Identified the +1 pair of gloves of Petwar {*Corrode Fly
                  | Str+3 Int+2}
  3558 | D:4      | Reached XP level 6. HP: 41/56 MP: 5/5
  3690 | D:5      | Entered Level 5 of the Dungeon
  3797 | D:5      | Reached skill level 1 in Short Blades
  3979 | D:5      | Noticed Dowan
  3980 | D:5      | Noticed Duvessa
  4016 | D:5      | Killed Duvessa
  4017 | D:5      | Reached XP level 7. HP: 48/62 MP: 6/6
  4022 | D:5      | Killed Dowan
  4145 | D:5      | Found a glowing golden altar of the Shining One.
  4312 | D:5      | Noticed Grinder
  4313 | D:5      | Paralysed by Grinder for 3 turns
  4359 | D:5      | Killed Grinder
  4565 | D:5      | Found an ornate altar of the Wu Jian Council.
  4594 | D:5      | Reached XP level 8. HP: 38/71 MP: 7/7
  4924 | D:5      | Found an ancient bone altar of Kikubaaqudgha.
  5158 | D:5      | Noticed Sigmund
  5167 | D:5      | Killed Sigmund
  5325 | D:6      | Found a staircase to the Ecumenical Temple.
  5330 | Temple   | Entered the Ecumenical Temple
  5484 | Temple   | Became a worshipper of Trog the Wrathful
  6174 | D:6      | Reached skill level 5 in Short Blades
  6249 | D:6      | Noticed a cyclops
  6271 | D:6      | Killed a cyclops
  6272 | D:6      | Reached XP level 9. HP: 32/81 MP: 8/8
  6839 | D:6      | Slain by a yak

Illustrated notes

Levels and vault maps discovered:
D:1:      dreamdust_arrival_sigmund_warning, layout_rooms, serial_shops,
          nicolae_shop_tiny_statue_garden,
          shapermc_ecumenical_altar_mp_highgroup, st_stairs_4
D:2:      layout_basic, minmay_unequal
D:3:      layout_basic, gammafunk_ghost_mausoleum
D:4:      layout_loops_cross
D:5:      layout_loops_ring, tso_oasis_becter,
          mainiacjoe_overflow_catch_the_wave, uniq_sigmund, uniq_grinder,
          uniq_duvessa
D:6:      layout_basic, temple_doors_e
Temple:   nicolae_temple_bog_church

Skill      XL: |  1  2  3  4  5  6  7  8  9 |
---------------+----------------------------+-----
Fighting       | 4 5 6 8 |  8.6
Shields        | 4 5 6 8 |  8.6
Armour         | 4 5 6 8 |  8.6
Long Blades    | 3 4 |  4.2
Short Blades   | 2 3 5 6 |  6.1
Maces & Flails | |  0.1

Action                     |  1- 3 |  4- 6 |  7- 9 || total
---------------------------+-------+-------+-------++-------
  Melee: Long sword        |    90 |   158 |       ||   248
         Headbutt          |     8 |    35 |    60 ||   103
         Flail             |       |    11 |       ||    11
         Rapier            |       |    52 |   291 ||   343
 Armour: Scale mail        |    31 |       |       ||    31
         Plate armour      |    34 |   156 |   147 ||   337
         Skin              |       |       |    10 ||    10
  Dodge: Dodged            |    24 |    68 |    77 ||   169
  Block: Buckler           |    36 |    46 |    67 ||   149

Table legend: (Time is in decaauts)
 A = Elapsed time spent in this place.
 B = Non-inter-level travel time spent in this place.
 C = Inter-level travel time spent in this place.
 D = Time resting spent in this place.
 E = Time spent auto-exploring this place.
 F = Levels seen in this place.
 G = Mean time per level.
                   A        B        C        D        E       F      G
               +--------+--------+--------+--------+--------+-----+--------+
         Total |   6906 |   6756 |    150 |   1450 |   3967 |   7 |  986.6 |
       Dungeon |   6723 |   6625 |     98 |   1450 |   3859 |   6 | 1120.5 |
        Temple |    182 |    130 |     52 |      0 |    108 |   1 |  182.0 |
               +--------+--------+--------+--------+--------+-----+--------+

Top non-repeatable levels by time:
     D:5: 1527 daAuts
     D:6: 1434 daAuts
     D:3: 1157 daAuts
     D:4: 956 daAuts
     D:2: 853 daAuts
     D:1: 794 daAuts
  Temple: 182 daAuts
